[Event "21st Open Gran Hotel Bali-A 2024"]
[Site "Benidorm"]
[Date "2024.11.30"]
[Round "3.13"]
[White "Tan, Jun Ying"]
[Black "Ochedzan, Tymon"]
[Result "1-0"]
[ECO "A13"]
[WhiteElo "2357"]
[BlackElo "2247"]
[Annotator "TA"]
[PlyCount "123"]
[EventDate "2024.11.26"]
[EventType "swiss"]
[EventCountry "ESP"]
[SourceTitle "playchess.com"]
[Source "ChessBase"]
[SourceQuality "1"]
[TimeControl "5400+30"]

1. Nf3 Nf6 2. c4 e6 3. e3 b6 4. g3 Bb7 5. Bg2 Be7 6. O-O O-O 7. b3 d6 8. d4 Nbd7 9. Bb2 c5 {[%emt 0:00:57] [#]} 10. d5 exd5 $11 11. Nh4 Ne4 12. cxd5 Bxh4 13. Bxe4 Bf6 14. Nc3 Re8 {[%emt 0:03:35] ...Bxc3 would now be deadly.} 15. Qc2 b5 16. Bxh7+ (16. Nxb5 Rxe4 17. Qxe4 Bxb2 18. Nxd6 Ba6 (18... Nf6 $2 19. Nxb7 Nxe4 20. Nxd8 $19) 19. Nxf7 Qf6 $15 (19... Kxf7 20. Qe6+ Kf8 21. Qxa6 $17)) 16... Kh8 $1 17. Bf5 (17. Nxb5 Bxb2 (17... Bxd5 $2 18. Rad1 $18) 18. Nxd6 Ne5 (18... Bxd5 19. Rad1 $16) 19. Nxb7 Nf3+ 20. Kh1 Qxd5 21. Qxb2 Kxh7 22. Qc2+ g6 23. Nxc5 (23. Qxc5 $2 Qxb7 24. e4 Rxe4 $19) 23... Ne1+ 24. e4 Nxc2 $17) 17... b4 18. Ne4 Bxb2 19. Qxb2 Nf8 20. Qc2 Re5 {[%emt 0:02:22] [#]} (20... Qe7 $11 {remains equal.}) 21. Nd2 $1 $16 g6 ({Black should try} 21... Qf6) 22. Be4 f5 23. Bg2 Qf6 24. Qb2 Re6 (24... Nh7 $16 25. Rfd1 Rxd5 26. Qxf6+ Nxf6 27. Bxd5 Bxd5) 25. Qxf6+ Rxf6 26. a4 (26. a3 $18) 26... bxa3 (26... Kg7 $16 27. Rfe1 g5) 27. Rxa3 $18 Nd7 28. Nc4 Nb6 29. Rfa1 Nxc4 30. bxc4 Rf7 31. Ra5 (31. Rxa7 Rxa7 32. Rxa7 Bxd5 $16) ({Better is} 31. h4 $18) 31... Kg7 32. h4 Kf6 33. Kf1 (33. Rxa7 $6 Rxa7 34. Rxa7 Bxd5 $16) 33... Kg7 (33... Bc8 $16 34. Ke2 g5 35. hxg5+ Kxg5 36. f4+ Kg6) 34. Ke2 (34. Rxa7 Rxa7 35. Rxa7 Bxd5 $11) 34... Kf6 35. Kd3 (35. Rxa7 Rxa7 36. Rxa7 Bxd5 37. Rxf7+ Bxf7 $14) 35... Kg7 36. R1a2 ({Don't do} 36. Rxa7 Rxa7 37. Rxa7 Bxd5 38. Rxf7+ Bxf7 $16) 36... Kf6 37. Ra1 (37. Rxa7 Rxa7 38. Rxa7 Bxd5 39. Rxf7+ Bxf7 $16) 37... Kg7 $1 38. Bf1 (38. Rxa7 Rxa7 39. Rxa7 Bxd5 40. Rxf7+ Bxf7 $16) 38... Kf6 39. Be2 Kg7 40. Kc3 (40. Rxa7 Rxa7 41. Rxa7 Bxd5 42. Rxf7+ Bxf7 $14) 40... Kf6 41. Rxa7 Rxa7 42. Rxa7 {[%emt 0:00:01][%mdl 4096] Endgame KRB-KRB. White is two pawns up.} Ke5 $2 (42... Bxd5 43. Ra6 Be6 44. Rxd6 Ra7) 43. Ra1 Ke4 (43... Kf6 $142 44. Kd2 Rf8) 44. Kd2 {[%emt 0:00:18] Intending f4 and mate.} Ke5 45. Bd3 Rg7 46. f4+ Kf6 47. e4 fxe4 48. Bxe4 Re7 (48... Bc8 {was worth a try.} 49. Ra8 Bf5) 49. Bd3 Bc8 50. Ra8 Re8 51. g4 {[%emt 0:00:42][%cal Bg3g4,Bg4g5][%mdl 32] And now g5+ would win.} Bd7 52. g5+ Ke7 53. Rxe8+ Bxe8 {[%emt 0:00:00] KB-KB. White is two pawns up.} 54. f5 gxf5 55. Bxf5 Bh5 56. Ke3 Kf7 57. Bd3 Bd1 58. Be2 Bb3 59. h5 Kg8 60. Bd3 Ba4 61. Kf4 Bd7 62. g6 1-0

[Event "21st Open Gran Hotel Bali-A 2024"]
[Site "Benidorm"]
[Date "2024.11.30"]
[Round "3.14"]
[White "Sanz Wawer, Daniel"]
[Black "Turski, Bartlomiej"]
[Result "1/2-1/2"]
[ECO "E81"]
[WhiteElo "2254"]
[BlackElo "2345"]
[Annotator "TA"]
[PlyCount "56"]
[EventDate "2024.11.26"]
[EventType "swiss"]
[EventCountry "ESP"]
[SourceTitle "playchess.com"]
[Source "ChessBase"]
[SourceQuality "1"]
[TimeControl "5400+30"]

1. d4 Nf6 2. c4 g6 3. Nc3 Bg7 4. e4 d6 5. f3 O-O 6. Nge2 a6 7. Be3 Nbd7 8. Qd2 b5 9. cxb5 (9. h4 $14) 9... axb5 $11 10. Nxb5 c6 11. Nbc3 e5 12. dxe5 Nxe5 13. Nd4 d5 14. exd5 Nxd5 15. Nxd5 (15. Nxc6 $2 Nxc6 16. Nxd5 Rb8 $19) 15... Qxd5 16. Nb3 Qe6 17. Be2 {[%emt 0:00:00] [#]} ({White should try} 17. h3 $15) 17... Nc4 ({Black should try} 17... Qxb3 $1 $17 18. axb3 Rxa1+ 19. Bd1 Ba6) 18. Bxc4 Qxc4 19. Kf2 Qh4+ {[%emt 0:01:11][%mdl 1024] Black has compensation.} 20. g3 Qh3 21. Bd4 Bh6 {[%emt 0:00:00] A strong pair of Bishops.} 22. Be3 Bg7 23. Bd4 Rd8 24. Qe3 Bxd4 25. Nxd4 Bb7 26. Ne2 {[%emt 0:00:00] [#]} c5 $1 27. Nf4 Qf5 {[%emt 0:00:00] Threatens to win with ...Qc2+.} 28. Rhd1 Qc2+ 1/2-1/2

[Event "21st Open Gran Hotel Bali-A 2024"]
[Site "Benidorm"]
[Date "2024.11.30"]
[Round "3.15"]
[White "Movsziszian, Karen"]
[Black "Evenshaug, Amadeus Hestvik"]
[Result "0-1"]
[ECO "C00"]
[WhiteElo "2439"]
[BlackElo "2132"]
[Annotator "TA"]
[PlyCount "85"]
[EventDate "2024.11.26"]
[EventType "swiss"]
[EventCountry "ESP"]
[SourceTitle "playchess.com"]
[Source "ChessBase"]
[SourceQuality "1"]
[TimeControl "5400+30"]

1. g3 d5 2. Nf3 Nf6 3. Bg2 e6 4. O-O Be7 5. d3 O-O 6. Nbd2 c5 7. e4 Nc6 8. Re1 b5 9. e5 Nd7 10. Nf1 Bb7 11. h4 a5 12. N1h2 a4 13. a3 {[%emt 0:00:04] Black is slightly better.} Qb6 14. Bf4 Rfc8 15. Qe2 b4 16. Red1 {[%emt 0:22:34] [#]} c4 $1 17. dxc4 (17. Be3 Qa6) 17... bxa3 18. bxa3 Ba6 19. Nd2 Na5 20. Qg4 (20. Ng4 $17 Nxc4 (20... Bxc4 21. Nxc4 Nxc4 22. Qf3 $17) 21. Nxc4 Bxc4 (21... Rxc4 22. Qd2 $17) 22. Qf3) 20... Nxc4 $19 (20... Bxc4 21. Rab1 Qa6 22. Re1 $17) 21. Nxc4 Rxc4 22. Bxd5 Nxe5 (22... exd5 23. Qxd7 Bc5 24. Rab1 $15) 23. Qh5 {[%emt 0:00:01] [#] Rab1 is the strong threat.} exd5 (23... Rxc2 24. Be3 (24. Bxa8 $2 Qxf2+ 25. Kh1 Qxh2#) 24... Qc7 (24... Bc5 $2 25. Rab1 $18) 25. Bxa8 $11) 24. Bxe5 Rxc2 25. Bd4 (25. Qf5 $17 Re2 26. Bd4) 25... Qg6 $40 {[%emt 0:07:20][%mdl 128] Black has strong attack. Active counter play!} 26. Qxd5 (26. Qxg6 $17 hxg6 27. Ng4) 26... Rd8 27. Qe5 Bxh4 {[%emt 0:03:20] This pair of bishops is nice.} 28. Bb2 (28. Nf3 $17 {was worth a try.} Bf6 29. Qa5) 28... Rdc8 (28... h6 $19 {and Black stays clearly on top. aiming for ...Bf6.} 29. Qxg7+ Qxg7 30. Bxg7 Kxg7 31. gxh4 Rxd1+ 32. Rxd1 Ra2) 29. Rd6 $17 Bf6 {[%emt 0:00:24] Chess con chili.} 30. Rad1 (30. Qf4 $17 {might work better.} Rxb2 (30... R2c4 31. Qf3 $15) 31. Rxa6) 30... h6 $19 (30... Rxb2 31. Rd8+ Rxd8 32. Rxd8+ Bxd8 33. Qe8#) 31. Qa5 $2 (31. Rxa6 Bxe5 (31... Rxb2 $2 32. Qf4 $19) 32. Rxg6 Rxb2 (32... Bxb2 $2 33. Ra6 $17) 33. Ra6) 31... Rxb2 32. Qxa6 Rcc2 33. Qa8+ Kh7 34. Rf1 Qf5 {[%emt 0:00:57][%cal Rc2f2] Prevents Qf3.} 35. Nf3 Rc3 36. Kg2 Rxa3 37. Nd2 Be5 38. Rd8 Raa2 $2 (38... Qg4 $19 {[%cal Ra3g3] is more deadly. ( -> ...Rxg3+!)} 39. Rh1 Rxd2 (39... Bxg3 $2 40. Rh8+ Kg6 41. R1xh6+ Kg5 42. Qd8+ f6 43. Rh5+ Qxh5 44. Ne4+ Kh4 45. Qe8 $18) 40. Rxd2 Bxg3) 39. Ne4 (39. Rh8+ $17 Kg6 40. Nf3) 39... Re2 {[%emt 0:01:39] Black is clearly winning.} 40. Rh8+ Kg6 41. Qc6+ Bf6 42. Re8 a3 {[%emt 0:01:12] And now ...Rac2 would win.} 43. g4 {[%emt 0:05:27] Weighted Error Value: White=0.54/Black=0.42.  Loses game:     	White=1     	---        Missed win:     	---       	Black=1      Mistake:       	White=6     	Black=1      Inaccurate:     	White=4     	Black=3      OK:         	White=10    	Black=9      Best:        	---       	Black=7} 0-1

[Event "21st Open Gran Hotel Bali-A 2024"]
[Site "Benidorm"]
[Date "2024.11.30"]
[Round "3.16"]
[White "Garcia Gimenez, Santiago"]
[Black "Castellanos Rodriguez, Renier"]
[Result "0-1"]
[ECO "B92"]
[WhiteElo "2184"]
[BlackElo "2472"]
[Annotator "TA"]
[PlyCount "78"]
[EventDate "2024.11.26"]
[EventType "swiss"]
[EventCountry "ESP"]
[SourceTitle "playchess.com"]
[Source "ChessBase"]
[SourceQuality "1"]
[TimeControl "5400+30"]

1. e4 c5 2. Nf3 d6 3. d4 cxd4 4. Nxd4 Nf6 5. Nc3 a6 6. Be2 e5 7. Nb3 Be7 8. O-O Be6 9. f4 b5 10. f5 Bc8 11. a4 b4 {[%emt 0:01:05] The position is equal.} 12. Nd5 Nxd5 13. Qxd5 Qb6+ 14. Kh1 Bb7 15. Qd3 Nd7 16. Be3 Qc7 17. Bf3 O-O 18. c3 bxc3 19. Rac1 Nf6 20. Rxc3 Qd8 21. Rd1 h6 22. a5 Rc8 23. Bb6 Rxc3 24. bxc3 Qa8 25. Nd2 d5 26. exd5 Nxd5 27. Nc4 Nf4 28. Bxb7 (28. Qf1 {simplifies} Bxf3 29. Qxf3 Qxf3 30. gxf3 Rc8 31. Nxe5 Rxc3 32. Nd7) 28... Qxb7 29. Qc2 Rc8 30. Nxe5 {[%emt 0:00:24] [#]} Rxc3 $1 $40 {[%emt 0:00:37][%mdl 128] Black mounts an attack.} 31. Qf2 Bg5 32. Nf3 Bf6 33. Bd4 (33. Nd2 $11 {remains equal.} Bg5 34. Nf3) 33... Rd3 {[%emt 0:11:01] Black is more active.} 34. Rxd3 Nxd3 35. Qc2 Qe4 (35... Bxd4 $17 36. Nxd4 Qb4) 36. Bxf6 gxf6 37. Qc8+ Kg7 {[%emt 0:00:14] Threatens to win with ...Qe2.} 38. Qxa6 $2 {[%emt 0:00:39][%mdl 8192] [#]} (38. h3 $11) 38... Qe2 $1 $19 {[%emt 0:00:31] ( -> ...Qf1+)} 39. h3 Nf2+ {[%emt 0:00:09] Weighted Error Value: White=0.34/Black=0.09 (flawless) .  Loses game:     	White=1     	---        Mistake:       	White=1     	Black=1      Inaccurate:     	White=2     	Black=1      OK:         	White=12    	Black=12     Best:        	---       	Black=2      Strong:       	---       	Black=1      Brilliant:      	---       	Black=1} 0-1

[Event "21st Open Gran Hotel Bali-A 2024"]
[Site "Benidorm"]
[Date "2024.11.30"]
[Round "3.17"]
[White "Wirig, Anthony"]
[Black "Korneev Leskova, Svyatoslav"]
[Result "1-0"]
[ECO "A85"]
[WhiteElo "2427"]
[BlackElo "2181"]
[Annotator "TA"]
[PlyCount "111"]
[EventDate "2024.11.26"]
[EventType "swiss"]
[EventCountry "ESP"]
[SourceTitle "playchess.com"]
[Source "ChessBase"]
[SourceQuality "1"]
[TimeControl "5400+30"]

1. d4 e6 2. c4 f5 3. a3 Nf6 4. Nc3 d5 5. Bf4 Bd6 6. e3 c6 7. Nf3 O-O 8. Bd3 {[%emt 0:02:54] White is slightly better.} Bxf4 9. exf4 dxc4 10. Bxc4 Qd6 11. g3 Nbd7 12. Qe2 Nb6 13. Bb3 Bd7 14. O-O Rad8 15. Rfe1 Rfe8 16. Rac1 Re7 17. Qe5 Qxe5 18. Rxe5 Kf8 19. Rce1 Nbd5 20. Ng5 Rde8 21. R5e2 Nc7 22. Nd1 {[%emt 0:05:09] White has more active pieces.} Ncd5 23. Ne3 h6 24. Nf3 {[%emt 0:00:19] Strongly threatening Nh4.} Nxe3 25. Rxe3 Nd5 ({Black should try} 25... Rd8) 26. R3e2 (26. Bxd5 $142 cxd5 27. Ne5) 26... Rd8 27. Bxd5 cxd5 {[%emt 0:00:04] Black is weak on the dark squares} 28. Ne5 {[%emt 0:00:14] Ng6+ would now be deadly.} Ke8 29. f3 Rc8 30. g4 fxg4 31. fxg4 Kd8 32. g5 Bb5 33. Rg2 Be8 34. gxh6 gxh6 35. Rg8 {[%emt 0:00:02] aiming for Ng6.} Rcc7 $1 ({Not} 35... Rc2 $2 36. Ng6 $18) 36. Kf2 Rg7 {[%emt 0:00:22] Repels Ng6} (36... Rc2+ $11 {remains equal.} 37. Kg3 Kc7) 37. Rxg7 $1 $16 Rxg7 {[%emt 0:00:04][%mdl 4096] Endgame. KRB-KRN} 38. Rc1 (38. Nd3 $1 $16) 38... Bf7 39. Rc3 Be8 40. Rh3 h5 41. Rc3 Rg8 (41... b6 $11) 42. Rg3 $14 Rxg3 43. Kxg3 {[%emt 0:02:36] KB-KN} Ke7 44. f5 exf5 {[%emt 0:00:35] [#]} (44... Kf6 $1 $11) 45. Nd3 $1 $16 Kf6 $2 {[%emt 0:01:00] [#] A mistake that costs the game.} ({Better is} 45... f4+ $1 $14 46. Kxf4 (46. Nxf4 Kf6 $16) 46... Bb5) 46. Nf4 $1 $18 Ba4 47. Nxd5+ Kg5 $2 (47... Ke6 {was worth a try.} 48. Nf4+ Kd6) 48. h4+ Kg6 49. Kf4 {[%emt 0:00:12] Black must now prevent Ke5.} Bc2 $2 (49... Bb3 50. Ne7+ Kf6 51. Nxf5 Ke6) 50. Ke5 {[%emt 0:00:06] White is clearly winning.} Kf7 51. Ne3 Bd3 52. Nxf5 b6 (52... Kg6 $142) 53. Nd6+ Ke7 54. Nc8+ Kd7 55. Nxa7 b5 56. d5 {[%emt 0:00:14] Weighted Error Value: White=0.12 (very precise) /Black=0.24 (precise) .  Loses game:     	---       	Black=1      Mistake:       	White=2     	Black=6      Inaccurate:     	White=5     	Black=2      OK:         	White=13    	Black=15     Best:        	White=4     	Black=2      Strong:       	White=3     	Black=1} 1-0

[Event "21st Open Gran Hotel Bali-A 2024"]
[Site "Benidorm"]
[Date "2024.11.30"]
[Round "3.18"]
[White "Aamodt, Peder Marcus"]
[Black "Gormally, Daniel W"]
[Result "0-1"]
[ECO "E69"]
[WhiteElo "2178"]
[BlackElo "2424"]
[Annotator "TA"]
[PlyCount "66"]
[EventDate "2024.11.26"]
[EventType "swiss"]
[EventCountry "ESP"]
[SourceTitle "playchess.com"]
[Source "ChessBase"]
[SourceQuality "1"]
[TimeControl "5400+30"]

1. Nf3 Nf6 2. g3 g6 3. Bg2 Bg7 4. c4 O-O 5. Nc3 d6 6. d4 Nbd7 7. e4 e5 8. O-O Re8 9. Re1 exd4 10. Nxd4 Nc5 11. h3 c6 12. Bf4 Ne6 13. Nxe6 Bxe6 14. Bf1 Qb6 (14... d5 $11) 15. Qd2 (15. Qxd6 Qxb2 16. Na4 Nxe4 17. Nxb2 Nxd6 18. Bxd6 Bxb2 $11) (15. Bxd6 $16 Nd7 (15... Qxb2 $2 16. Na4 $18) 16. e5) 15... Nd7 $11 16. Na4 (16. Qxd6 Qxb2 17. Na4 Qc2 $17) 16... Qd8 17. Qxd6 Qa5 18. Qd1 Ne5 19. Bxe5 Bxe5 20. Qc2 Rad8 {[%emt 0:01:44][%mdl 1024] Black has compensation. White is weak on the dark squares} 21. Rad1 {[%emt 0:01:10] Inhibits Rd2.} Bd4 22. c5 b5 (22... Bxa2 $6 23. b3 b5 24. cxb6 (24. Qxa2 bxa4 25. bxa4 Rb8 $15) 24... axb6 25. Qxa2 $16) 23. Nc3 (23. cxb6 $11 {remains equal.} axb6 24. Nc3) 23... Qb4 $1 $17 (23... Bxc5 24. Nd5 cxd5 25. Qxc5 $11) (23... Bxa2 24. b4 Qxb4 25. Nxa2 $16) 24. Ne2 {[%emt 0:04:52] Hoping for a3.} Bxb2 {[%emt 0:00:38] Black is much more active. This pair of bishops is nice.} (24... Qxb2 $2 25. Nxd4 Qxd4 26. Rxd4 $18) 25. Nf4 Bd4 ({Black should play} 25... Bxa2 $17 {aiming for ...Bc4.} 26. Nd3 Qb3 (26... Qc3 $2 27. Qxb2 Rxd3 28. Qxa2 $18) 27. Qxb2 Rxd3 28. Qxb3 Rxb3) 26. Rc1 $2 {[%emt 0:05:34] [#] This costs White the game.} (26. Nxe6 $15 Rxe6 27. a4) 26... Qa3 $1 $19 27. Nxe6 Qxg3+ (27... Rxe6 28. Kg2 $17) 28. Bg2 Rxe6 29. e5 Rxe5 (29... Rd5 30. Kf1 Qh2 31. Qd2 Rexe5 (31... Bxc5 $2 {loses.} 32. Bxd5 cxd5 33. Rxc5 $18) 32. Rxe5 Qxe5 (32... Bxe5 33. Bxd5 Bf4 34. Bxf7+ Kxf7 35. Qd7+ Kf8 36. Rd1 $11) 33. Bxd5 Qxd5 34. Rc2 $17) 30. Rxe5 Qxe5 31. Bxc6 Qg5+ ({Not} 31... Rc8 32. Bg2 $19) 32. Bg2 {[%emt 0:00:13] [#]} Bxf2+ $1 33. Kh1 {[%emt 0:00:16] [#]} Bxc5 $1 {[%emt 0:01:28][%mdl 512] Weighted Error Value: White=0.40/Black=0.13 (very precise) .  Loses game:     	White=1     	---        Mistake:       	White=2     	Black=2      Inaccurate:     	White=2     	---        OK:         	White=6     	Black=7      Best:        	White=2     	Black=1      Strong:       	---       	Black=2} 0-1

[Event "21st Open Gran Hotel Bali-A 2024"]
[Site "Benidorm"]
[Date "2024.11.30"]
[Round "3.19"]
[White "Elsness, Frode"]
[Black "Kanyamarala, Trisha"]
[Result "1-0"]
[ECO "E53"]
[WhiteElo "2424"]
[BlackElo "2171"]
[Annotator "TA"]
[PlyCount "129"]
[EventDate "2024.11.26"]
[EventType "swiss"]
[EventCountry "ESP"]
[SourceTitle "playchess.com"]
[Source "ChessBase"]
[SourceQuality "1"]
[TimeControl "5400+30"]

1. d4 Nf6 2. c4 e6 3. Nc3 Bb4 4. e3 O-O 5. Bd3 d5 6. a3 Bxc3+ 7. bxc3 dxc4 8. Bxc4 c5 9. Nf3 Qc7 10. Be2 Nbd7 11. O-O b6 12. Bb2 Bb7 13. Re1 e5 14. a4 Rfd8 15. Nd2 {[%emt 0:10:04] White has an edge.} Nf8 16. Qb3 Ne6 17. Nf3 exd4 18. cxd4 Rac8 19. Rac1 Qb8 20. Bc4 (20. dxc5 {simplifies} Nxc5 21. Qb4 Bxf3 22. gxf3 Ne8 23. Red1) 20... Bxf3 ({Black should play} 20... Qd6 $1 $11) 21. Bxe6 $14 {[%emt 0:01:33] A strong pair of Bishops.} (21. gxf3 Ng5 22. Be2 Qb7 $15) 21... Ng4 22. Bxg4 (22. gxf3 $2 Qxh2+ 23. Kf1 Qxf2#) (22. Bxf7+ $16 Kh8 23. g3 (23. gxf3 $2 Qxh2+ 24. Kf1 Qxf2#)) 22... Bxg4 23. dxc5 ({White should try} 23. d5 $14) 23... Be6 $1 $11 24. Qc3 f6 25. Ba3 {[%emt 0:07:40] White is weak on the light squares} Rc6 (25... bxc5 $11 26. Bxc5 Rd5) 26. Qa1 $14 Rdc8 27. Rb1 Qc7 28. cxb6 axb6 29. Qd4 Rc4 30. Qxb6 Qxb6 31. Rxb6 Rxa4 32. Rxe6 Rxa3 $16 {[%emt 0:00:06][%mdl 4096] Endgame. KRR-KRR} 33. h3 Rac3 34. g4 Rc1 35. Rxc1 Rxc1+ {[%emt 0:00:01] KR-KR} 36. Kg2 Kf7 37. Rd6 h5 38. Rd7+ Kg6 39. gxh5+ Kh6 40. Rd5 {[%emt 0:00:04] Wards off Rc5} Re1 41. Rf5 Kh7 42. Rf4 (42. Rc5 $142) 42... Kh6 43. Rf5 (43. Rg4 $14) 43... Kh7 $1 {[%emt 0:00:05] Black is on the road to losing.} 44. Rd5 Kh6 45. Rd7 (45. Rb5 $16) 45... Kh7 (45... Rc1 $1 $11) 46. Kg3 Rg1+ 47. Kh4 $1 Rg5 48. f4 Rc5 49. Rd8 {[%emt 0:00:25] Threatens to win with Kg4.} Rc2 (49... Rc1 $16 50. Re8 Rc3) 50. Kg4 $18 Rg2+ {[%emt 0:00:21] [#]} 51. Kf3 $1 Rh2 {[%emt 0:00:09] [#]} 52. Kg3 Rh1 (52... Re2 $142 53. Re8 Rb2) 53. e4 {[%emt 0:00:19] aiming for Kg4.} Rg1+ 54. Kf3 Rf1+ $2 (54... Re1 {was necessary.} 55. Re8 Rg1) 55. Kg4 Rg1+ 56. Kf5 Rg3 {[%emt 0:00:29] [#]} (56... Rf1 $142 57. Re8 Rf3) 57. h6 $1 {[%emt 0:01:18] hxg7 would now be deadly.} g5 (57... g6+ 58. Kxf6) 58. fxg5 fxg5 59. Rd6 Re3 60. e5 ({Worse is} 60. Kxg5 Rxe4 61. Rd7+ Kg8 $11) 60... Re1 61. Re6 ({Inferior is} 61. Kxg5 Rxe5+ 62. Kg4 Re4+ 63. Kg5 Re5+ 64. Kg4 Re4+ 65. Kh5 Re5+ 66. Kh4 Ra5 $11) 61... Rg1 62. Rb6 (62. Rf6 $142 Rg3 63. e6 Re3 64. Kxg5 Rg3+ 65. Kf4 Rg2 66. Ke5 Re2+ 67. Kd6) 62... Re1 63. e6 {[%emt 0:00:35] White mates.} (63. Kxg5 Rxe5+ 64. Kf4 Rc5 $11) 63... Kxh6 64. e7+ Kg7 65. Re6 {[%emt 0:00:08] Weighted Error Value: White=0.15 (very precise) /Black=0.34.  Mistake:       	White=5     	Black=9      Inaccurate:     	White=1     	Black=4      OK:         	White=12    	Black=8      Best:        	White=7     	Black=4      Strong:       	White=2     	Black=2      Brilliant:      	White=1     	---} ({Not} 65. Kxg5 Re5+ 66. Kf4 Rxe7 $16) 1-0

[Event "21st Open Gran Hotel Bali-A 2024"]
[Site "Benidorm"]
[Date "2024.11.30"]
[Round "3.20"]
[White "Sanz Gorospe, Ibai"]
[Black "Abergel, Thal"]
[Result "0-1"]
[ECO "C41"]
[WhiteElo "2167"]
[BlackElo "2408"]
[Annotator "TA"]
[PlyCount "84"]
[EventDate "2024.11.26"]
[EventType "swiss"]
[EventCountry "ESP"]
[SourceTitle "playchess.com"]
[Source "ChessBase"]
[SourceQuality "1"]
[TimeControl "5400+30"]

1. e4 d6 2. d4 Nf6 3. Nc3 e5 4. Nf3 Nbd7 5. Rg1 c6 6. g4 g6 7. Be3 h5 8. g5 ({White should play} 8. h3 $14) 8... Ng4 $11 9. Qd2 Qa5 10. O-O-O b5 11. a3 a6 12. Ne1 (12. Bh3 $11) 12... Nxh2 13. f4 Nxf1 14. Rxf1 exf4 15. Bxf4 Nb6 $1 16. Nd3 Nc4 $1 17. Qf2 Be7 (17... Bh3 $1 $15 18. Rh1 Bg4) 18. Nb1 (18. d5 $11) 18... Qd8 19. b3 Nb6 (19... Na5 $1 $11 {remains equal.}) 20. Be3 $2 {[%emt 0:04:34] [#]} (20. d5 $1 $16 {keeps the pressure on. and Be3 should not be overlooked} O-O 21. Nb4 (21. dxc6 Bg4 $14)) 20... Rh7 $2 ({Black should try} 20... O-O $1 $17 {[%cal Oa6a5] ...a5! would now be deadly.} 21. d5 c5 (21... Bxg5 22. dxc6 Bxe3+ 23. Qxe3 $11)) 21. Qf4 (21. d5 $1 $14 c5 22. Qf4) 21... Bg4 $36 {[%emt 0:04:45][%mdl 2048] Keeping White busy.} 22. Rde1 Qc7 (22... Kf8 $17) 23. d5 c5 (23... Kf8 {is more complex.} 24. dxc6 Qxc6 25. Bd4 Rc8) 24. b4 cxb4 25. Bxb6 Qxb6 26. e5 {[%emt 0:00:33] [#]} Kf8 $1 27. exd6 $2 (27. Nd2 bxa3 28. Ne4) 27... Qxd6 $19 28. Ne5 $2 (28. Nd2) 28... bxa3 29. Nc3 {[%emt 0:00:28][%cal Oc3e4] [#]} a2 $1 30. Nxa2 Bf5 (30... Qxd5 $2 {too greedy.} 31. Nxg6+ Kg7 32. Nxe7 Qxa2 33. Qd4+ Kf8 34. g6 $18) 31. Rf2 Rc8 32. Kb1 h4 33. Qe3 Kg8 34. Nf3 Bf8 35. Nd4 Bd7 36. Qf3 Qg3 37. Qf6 h3 38. Nc1 Qd6 39. Re6 Qxd5 40. Nd3 Bxe6 41. Nf4 Qa2+ 42. Kc1 h2 0-1